 Dungeon Crawl Stone Soup version 0.28.0 (webtiles) character file.

Game seed: 9177343692717750669

32865 inmateoo the Unseen (level 14, -2/90 HPs)
             Began as a Kobold Berserker on Feb 10, 2022.
             Was a High Priest of Trog.
             Slain by a catoblepas (28 damage)
             ... on level 14 of the Dungeon.
             The game lasted 00:16:56 (19449 turns).

inmateoo the Unseen (Kobold Berserker)             Turns: 19449, Time: 00:16:56

Health: -2/90      AC: 15    Str: 14    XL:     14   Next: 5%
Magic:  14/14      EV: 21    Int: 13    God:    Trog [*****.]
Gold:   819        SH:  6    Dex: 18    Spells: 13/13 levels left

rFire   + . .      SeeInvis +   K - +9 morningstar "Duaxt" {vorpal, rElec rF+}
rCold   . . .      Faith    .   e - +0 buckler
rNeg    . . .      Spirit   .   r - +6 leather armour of the Guild-Master {Int+3}
rPois   .          Reflect  .   z - +0 helmet
rElec   +          Harm     .   n - +1 cloak
rCorr   .          Rampage  .   g - +1 pair of gloves
Will    +....                   (no boots)
Stlth   ++++++++..              (no amulet)
HPRegen 0.25/turn               a - ring of see invisible
MPRegen 0.14/turn               I - ring of flight

@: flying, studying Bows
A: small, no large weapons, nightstalker 3
a: Renounce Religion, Berserk, Trog's Hand, Brothers in Arms


You were on level 14 of the Dungeon.
You worshipped Trog.
Trog was extremely pleased with you.
You visited 1 branch of the dungeon, and saw 14 of its levels.

You collected 819 gold pieces.

Inventory:

Hand Weapons
 p - the +9 whip of Patterns {venom, rElec MP+9 Int-5}
   (You found it on level 3 of the Dungeon)

   It poisons the flesh of those it strikes.
   Int:       It affects your intelligence (-5).
   rElec:     It insulates you from electricity.
   MP:        It affects your magic capacity (+9).
 K - the +9 morningstar "Duaxt" (weapon) {vorpal, rElec rF+}
   (Trog gifted it to you on level 11 of the Dungeon)

   It inflicts extra damage upon your enemies.
   rF:        It protects you from fire.
   rElec:     It insulates you from electricity.
Missiles
 k - 55 poisoned darts (quivered)
 A - 4 throwing nets
Armour
 e - a +0 buckler (worn)
 g - a +1 pair of gloves (worn)
 n - a +1 cloak (worn)
 r - the +6 leather armour of the Guild-Master (worn) {Int+3}
   (You found it on level 3 of the Dungeon)

   Int:       It affects your intelligence (+3).
 z - a +0 helmet (worn)
Jewellery
 a - a ring of see invisible (left hand)
 I - a ring of flight (right hand)
Wands
 l - a wand of digging (7)
 y - a wand of iceblast (20)
 F - a wand of paralysis (6)
 G - a wand of mindburst (5)
 M - a wand of polymorph (3)
Scrolls
 d - 4 scrolls of teleportation
 h - a scroll of enchant armour
 q - 2 scrolls of enchant weapon
 v - a scroll of silence
 x - 2 scrolls of blinking
 C - 2 scrolls of fear
 D - a scroll of magic mapping
 J - a scroll of brand weapon {unknown}
 L - 2 scrolls of identify
Potions
 b - 2 potions of flight
 c - 2 potions of mutation
 f - 2 potions of berserk rage
 i - a potion of invisibility {unknown}
 j - 3 potions of might {unknown}
 m - 4 potions of resistance
 o - 4 potions of haste {unknown}
 s - 6 potions of curing {unknown}
 t - a potion of magic {unknown}
 u - 2 potions of heal wounds
 w - 5 potions of degeneration {unknown}
 B - 2 potions of lignification {unknown}
 E - 3 potions of cancellation {unknown}
 H - a potion of attraction {unknown}


   Skills:
 + Level 11.0 Fighting
 - Level 6.0 Short Blades
 + Level 9.0 Maces & Flails
 - Level 4.0 Armour
 + Level 11.2 Dodging
 - Level 20.0 Stealth
 - Level 4.0 Shields


You had 13 spell levels left.
You didn't know any spells.
Your spell library was empty.

Dungeon Overview and Level Annotations

Branches:
Dungeon (14/15)            Temple (0/1) D:6            Lair (0/6) D:9
    Orc (0/2) D:9          Vaults (0/5) D:13

Altars:
Kikubaaqudgha
Makhleb
Nemelex Xobeh
Qazlal
Trog
The Shining One

Shops:
D:9 *   D:11 (


Innate Abilities, Weirdness & Mutations

You are small and have problems with some larger weapons.
You are completely attuned to the shadows.


Message History

The catoblepas gores you! x2
You are too injured to fight recklessly!
You are too injured to fight recklessly!
You barely miss the catoblepas.
The catoblepas is almost dead.
The catoblepas completely misses you.
You completely miss the catoblepas.
The catoblepas is almost dead.
The catoblepas misses you.
You hit the catoblepas.
The catoblepas is almost dead.
The catoblepas breathes a plume of calcifying dust at you.
The blast of calcifying dust hits you.
The catoblepas breathes a plume of calcifying dust at you.
The blast of calcifying dust hits you but does no damage.
You hit the catoblepas but do no damage.
The catoblepas is almost dead.
You are engulfed in calcifying dust.
The catoblepas completely misses you.
The catoblepas breathes a plume of calcifying dust at you.
The blast of calcifying dust hits you but does no damage.
You hit the catoblepas.
The catoblepas is almost dead.
You are engulfed in calcifying dust.
The catoblepas gores you but does no damage.
The catoblepas breathes a plume of calcifying dust at you.
The blast of calcifying dust hits you!
A two-headed ogre comes into view.
It is wielding a +0 giant spiked club and a +0 dire flail.
The catoblepas breathes a plume of calcifying dust at you.
The blast of calcifying dust hits you but does no damage.
The catoblepas breathes a plume of calcifying dust at you.
The blast of calcifying dust hits you.
* * * LOW HITPOINT WARNING * * *
The catoblepas breathes a plume of calcifying dust at you.
The blast of calcifying dust hits you but does no damage.
The catoblepas breathes a plume of calcifying dust at you.
The blast of calcifying dust hits you.
* * * LOW HITPOINT WARNING * * *
Your ogre goes berserk!
The catoblepas gores you!!
You die...

....# #..# ....# #..#
....# #..# ....# #..#
#..####
....#####..######.§.....
...............§..§.....
................§.§....O
##...####..###...§§.....
#...# #..# #..@Y.§§§§.
#...# #..# #....§§....
#>..# #O......... ##...#
#.......§.. .....#
#........§. .....#
#.......... .....####.
.......... ..........


You could see a catoblepas (ally target) and a friendly ogre (summoned,
berserk).

Vanquished Creatures
  Kirke (D:12)
  Azrael (D:12)
  The ghost of Garym the Fighter, a journeyman MiBe of Trog (D:13)
  2 fire dragons (D:14)
  Harold (D:8)
  Erolcha (D:10)
  2 hydras (D:13)
  Erica (D:10)
  A dancing weapon (D:13)
  2 two-headed ogres
  2 centaur warriors (D:13)
  2 skeletal warriors (D:14)
  Nergalle (D:10)
  2 deep elf pyromancers
  3 ugly things
  Maurice (D:10)
  2 manticores
  5 cyclopes
  A guardian serpent (shapeshifter) (D:13)
  2 gargoyles
  2 unseen horrors
  2 kobold demonologists
  A troll (D:12)
  A hornet (D:8)
  8 slime creatures
  A meliai zombie (D:11)
  A centaur simulacrum (D:14)
  4 shadows
  2 wyverns
  3 wraiths
  2 hogs (D:12)
  9 yaks
  5 fire elementals (D:12)
  5 steam dragons
  8 vampire mosquitoes
  Menkaure (D:5)
  A two-headed ogre zombie (D:9)
  2 acid dragons
  3 hell hounds (D:12)
  5 water moccasins
  Duvessa (D:6)
  4 orc warriors
  6 black bears
  2 sky beasts
  3 necrophages (D:7)
  3 ogres
  12 centaurs
  A phantom (D:9)
  3 kobold brigands
  Blork the orc (D:6)
  3 bullfrogs
  5 scorpions
  3 troll zombies (D:9)
  Dowan (D:6)
  A water moccasin skeleton (D:6)
  5 howler monkeys
  An electric eel (D:7)
  4 centaur zombies
  A jelly (D:6)
  A lava snake (D:7)
  Crazy Yiuf (D:4)
  A hound (D:5)
  3 centaur skeletons
  3 orc priests
  A bullfrog skeleton (D:6)
  A gnoll shaman (D:7)
  Natasha (thrice) (D:2)
  An iguana (D:4)
  10 orc wizards
  A killer bee zombie (D:8)
  4 ogre zombies (D:9)
  3 hound skeletons (D:5)
  2 mummies (D:7)
  4 howler monkey zombies
  6 gnolls
  9 adders
  A white imp (D:6)
  An adder skeleton (D:4)
  2 worms
  A dart slug (D:1)
  16 orcs
  8 endoplasms
  5 giant cockroaches
  15 goblins
  10 hobgoblins
  7 jackals
  20 kobolds
  A quokka (D:5)
  10 ball pythons
  2 bats
  8 frilled lizards
  2 goblin skeletons (D:9)
  4 goblin zombies (D:9)
  3 hobgoblin zombies (D:9)
  3 orc skeletons (D:9)
  10 orc zombies (D:9)
  7 rats
350 creatures vanquished.

Vanquished Creatures (collateral kills)
  A skeletal warrior (D:14)
1 creature vanquished.

Vanquished Creatures (others)
  2 humans (D:12)
  An ufetubus (D:6)
  An orc (D:6)
  52 fungi
  58 plants
114 creatures vanquished.

Grand Total: 465 creatures vanquished

Notes
Turn   | Place    | Note
-------+----------+-------------------------------------------
     0 | D:1      | inmateoo the Kobold Berserker began the quest for the Orb.
     0 | D:1      | Reached XP level 1. HP: 14/14 MP: 1/1
   130 | D:1      | Reached XP level 2. HP: 7/19 MP: 2/2
   510 | D:1      | Reached skill level 1 in Stealth
   749 | D:1      | Reached XP level 3. HP: 23/23 MP: 3/3
   993 | D:1      | Reached ** piety under Trog
  1361 | D:2      | Reached skill level 2 in Stealth
  1361 | D:2      | Reached XP level 4. HP: 29/29 MP: 4/4
  2365 | D:2      | Noticed Natasha
  2375 | D:2      | Killed Natasha
  2376 | D:2      | Reached XP level 5. HP: 33/33 MP: 5/5
  2404 | D:2      | Noticed Natasha
  2410 | D:2      | Killed Natasha
  2480 | D:2      | Noticed Natasha
  2485 | D:2      | Killed Natasha
  2486 | D:2      | Reached skill level 5 in Short Blades
  2742 | D:3      | Reached skill level 3 in Stealth
  2942 | D:3      | Found a faded altar of an unknown god.
  3046 | D:3      | Identified the +9 whip of Patterns {venom, rElec MP+9
                  | Int-5}
  3140 | D:3      | Reached XP level 6. HP: 38/38 MP: 6/6
  3334 | D:3      | Identified the +6 leather armour of the Guild-Master
                  | {Int+3}
  3495 | D:4      | Noticed a wyvern
  3503 | D:4      | Killed a wyvern
  3504 | D:4      | Reached skill level 1 in Maces & Flails
  3545 | D:4      | Reached XP level 7. HP: 40/44 MP: 7/7
  3560 | D:4      | Reached skill level 4 in Stealth
  3625 | D:4      | Reached *** piety under Trog
  3689 | D:4      | Found a runed translucent door.
  3692 | D:4      | Noticed Crazy Yiuf
  3697 | D:4      | Killed Crazy Yiuf
  3737 | D:4      | Found a bloodstained altar of Trog.
  3827 | D:4      | Reached skill level 5 in Fighting
  4354 | D:5      | Entered Level 5 of the Dungeon
  4378 | D:5      | Reached skill level 5 in Stealth
  4378 | D:5      | Reached XP level 8. HP: 49/49 MP: 8/8
  4428 | D:5      | Found a glowing golden altar of the Shining One.
  4546 | D:5      | Reached skill level 5 in Dodging
  4617 | D:5      | Found a sparkling altar of Nemelex Xobeh.
  4869 | D:5      | Reached skill level 6 in Stealth
  5096 | D:5      | Noticed Menkaure
  5101 | D:5      | Killed Menkaure
  5217 | D:5      | Reached XP level 9. HP: 55/55 MP: 9/9
  5401 | D:6      | Found a staircase to the Ecumenical Temple.
  5450 | D:6      | Reached skill level 7 in Stealth
  5507 | D:6      | Reached **** piety under Trog
  5540 | D:6      | Killed an unseen horror
  5541 | D:6      | Reached skill level 1 in Shields
  5599 | D:6      | Noticed Dowan
  5609 | D:6      | Killed Dowan
  5720 | D:6      | Noticed Duvessa
  5731 | D:6      | Killed Duvessa
  5899 | D:6      | Found a burning altar of Makhleb.
  6306 | D:6      | Noticed Blork the orc
  6320 | D:6      | Killed Blork the orc
  6326 | D:6      | Reached skill level 8 in Stealth
  6722 | D:7      | Reached XP level 10. HP: 62/63 MP: 10/10
  7076 | D:7      | Found an ancient bone altar of Kikubaaqudgha.
  7781 | D:8      | Reached skill level 5 in Maces & Flails
  8092 | D:8      | Reached skill level 9 in Stealth
  8129 | D:8      | Noticed a deep elf pyromancer
  8166 | D:8      | Killed a deep elf pyromancer
  8468 | D:8      | Noticed Harold
  8486 | D:8      | Killed Harold
  9066 | D:9      | Found Keniq's Fire Supplies.
  9139 | D:9      | Reached XP level 11. HP: 57/69 MP: 11/11
  9281 | D:9      | Reached skill level 10 in Stealth
  9328 | D:9      | Found a staircase to the Lair.
  9485 | D:9      | Reached ***** piety under Trog
  9822 | D:9      | Found a staircase to the Orcish Mines.
 10514 | D:9      | Reached skill level 11 in Stealth
 10836 | D:10     | Entered Level 10 of the Dungeon
 10842 | D:10     | Noticed Nergalle
 11124 | D:10     | Found a stormy altar of Qazlal.
 11162 | D:10     | Noticed a spectral orc warlord
 11464 | D:10     | Noticed Erica
 11486 | D:10     | Killed Erica
 11487 | D:10     | Reached skill level 10 in Dodging
 11638 | D:10     | Killed Nergalle
 11716 | D:10     | Noticed Maurice
 11728 | D:10     | Killed Maurice
 11810 | D:10     | Reached skill level 12 in Stealth
 11814 | D:10     | Noticed Erolcha
 11827 | D:10     | Killed Erolcha
 11828 | D:10     | Reached skill level 10 in Fighting
 11828 | D:10     | Reached XP level 12. HP: 50/77 MP: 12/12
 12297 | D:11     | Reached skill level 13 in Stealth
 13110 | D:11     | Found Fuwka's Weapon Boutique.
 13115 | D:11     | Reached skill level 14 in Stealth
 13285 | D:11     | Noticed a two-headed ogre
 13293 | D:11     | Killed a two-headed ogre
 14006 | D:12     | Reached skill level 15 in Stealth
 14048 | D:11     | Identified the +9 morningstar "Duaxt" {vorpal, rElec rF+}
                  | (Trog gifted it to you on level 11 of the Dungeon)
 14048 | D:11     | Received a gift from Trog
 14264 | D:12     | Noticed a two-headed ogre
 14279 | D:12     | Killed a two-headed ogre
 14644 | D:12     | Reached skill level 16 in Stealth
 14685 | D:12     | Reached ****** piety under Trog
 14723 | D:12     | Noticed Kirke
 14737 | D:12     | Killed Kirke
 14738 | D:12     | Reached skill level 17 in Stealth
 14803 | D:12     | Reached XP level 13. HP: 73/82 MP: 13/13
 15471 | D:12     | Noticed Azrael
 15477 | D:12     | Killed Azrael
 15478 | D:12     | Reached skill level 18 in Stealth
 15678 | D:13     | Noticed a centaur warrior
 15687 | D:13     | Killed a centaur warrior
 15738 | D:13     | Noticed a five-headed hydra
 15745 | D:13     | Killed a five-headed hydra
 15746 | D:13     | Reached skill level 19 in Stealth
 16379 | D:13     | Found a gate to the Vaults.
 16417 | D:13     | Noticed a centaur warrior
 16427 | D:13     | Killed a centaur warrior
 17020 | D:13     | Found a runed translucent gate.
 17021 | D:13     | Found a runed translucent gate.
 17021 | D:13     | Noticed a ten-headed hydra
 17022 | D:13     | Found a runed translucent gate.
 17023 | D:13     | Noticed Garym's ghost (journeyman MiBe)
 17028 | D:13     | Noticed a ten-headed hydra
 17757 | D:13     | Killed a ten-headed hydra
 18160 | D:13     | Killed Garym's ghost
 18239 | D:14     | Noticed a fire dragon
 18246 | D:14     | Killed a fire dragon
 18428 | D:14     | Noticed a fire dragon
 18439 | D:14     | Killed a fire dragon
 18991 | D:14     | Reached skill level 20 in Stealth
 18999 | D:14     | Reached XP level 14. HP: 71/88 MP: 14/14
 19449 | D:14     | Slain by a catoblepas

Illustrated notes

Levels and vault maps discovered:
D:1:      matt_arrival_refuge, layout_loops_ring, minmay_lizard_pond
D:2:      layout_loops_ring, grunt_ministairs_8, minmay_liquid_box, uniq_natasha
D:3:      cheibrodos_greedy_goblins, layout_basic,
          shapermc_ecumenical_altar_rom_forum
D:4:      layout_basic, trog_book, minmay_misc_feat_pillars,
          uniq_crazy_yiuf_cottage
D:5:      layout_cave_pods, mainiacjoe_overflow_paths,
          mainiacjoe_overflow_boulevard, st_stairs_11, uniq_menkaure
D:6:      black_bear_nest_2, layout_basic, mainiacjoe_overflow_alcove_4,
          minmay_temple_entry_slanted, uniq_duvessa, uniq_blork_the_orc
D:7:      layout_basic, mainiacjoe_overflow_six_doors_small, serial_undead,
          serial_undead_d, serial_undead_c, serial_undead_a, serial_undead_e,
          hex_tiny, minmay_misc_feat_encased, nicolae_lava_and_water
D:8:      layout_cave_pods, serial_glass, glass_columns_b, glass_columns_a,
          minmay_strange_pillars, item_on_display_a, minmay_crossroads,
          uniq_harold
D:9:      layout_loops_ring, due_lair_maze_entry_diamond, zombieorc2_lemuel,
          nicolae_shop_fire_sale [nicolae_sub_dead_trees],
          minmay_misc_feat_columns
D:10:     layout_cave_pools, nicolae_qazlal_general_emergency, uniq_nergalle,
          uniq_erolcha, uniq_erica, uniq_maurice
D:11:     layout_layer_cave, serial_shops, nicolae_shop_bloodbath_and_beyond
D:12:     layout_cave_pools, grunt_decor_one_mirror, uniq_kirke, uniq_azrael
D:13:     layout_grid_maze, erik_vaults_1, gammafunk_ghost_hydra_chop,
          drop_trap, st_stairs_14
D:14:     layout_small_grid, grunt_decor_cap

Skill      XL: |  1  2  3  4  5  6  7  8  9 10 11 12 13 14 |
---------------+-------------------------------------------+-----
Stealth        | 1 2 3 5 6 8 9 12 17 20 | 20.0
Dodging        | 3 4 6 7 8 10 11 | 11.2
Armour         | 2 3 4 |  4.0
Fighting       | 4 5 6 7 8 10 11 | 11.0
Short Blades   | 5 6 |  6.0
Maces & Flails | 1 2 3 4 5 7 8 9 |  9.0
Shields        | 2 3 4 |  4.0

Action                   |  1- 3 |  4- 6 |  7- 9 | 10-12 | 13-15 || total
-------------------------+-------+-------+-------+-------+-------++-------
Melee: Short sword       |    83 |   105 |       |       |       ||   188
       Punch             |     1 |     1 |     1 |       |       ||     3
       Whip              |       |    30 |   197 |   655 |       ||   882
       Morningstar       |       |       |       |    60 |   231 ||   291
Throw: Dart              |       |     2 |       |       |       ||     2
Invok: Berserk           |     3 |     3 |     3 |     3 |    13 ||    25
       Trog's Hand       |       |       |       |     2 |       ||     2
       Brothers in Arms  |       |       |       |       |     2 ||     2
  Use: Scroll            |       |       |    15 |     2 |     1 ||    18
       Potion            |       |       |       |     1 |       ||     1
 Stab: Sleeping          |     6 |    15 |    21 |    25 |     8 ||    75
       Distracted        |       |       |       |     5 |     3 ||     8
Armor: Animal skin       |     9 |    16 |       |       |       ||    25
       Leather armour    |       |     1 |    63 |   188 |   104 ||   356
Dodge: Dodged            |    53 |    67 |   140 |   581 |   242 ||  1083
Block: Buckler           |       |       |    19 |   227 |    91 ||   337
